[Event "*** Titled Tuesday Blitz"]
[Site "Chess.com"]
[Date "2019.01.01"]
[Round "3"]
[White "MITerryble"]
[Black "walkingcreep"]
[Result "1/2-1/2"]
[WhiteElo "2820"]
[BlackElo "2601"]
[TimeControl "180+2"]
[EndTime "13:38:48 PST"]
[Termination "Game drawn - insufficient material"]

1. e4 d6 2. d4 Nf6 3. Nc3 Nbd7 4. Bc4 e5 5. Nf3 Be7 6. O-O O-O 7. Re1 c6 8. a4 exd4 9. Nxd4 Ne5 10. Ba2 Re8 11.
h3 Ng6 12. Be3 Bd7 13. Qd3 Qa5 14. Rad1 Qh5 15. f4 Nh4 16. Bf2 Ng6 17. Nde2 Be6 18. Bxe6 fxe6 19. b4 d5 20. g4 Nxg4 21. hxg4 Qxg4+ 22. Qg3 Qxg3+ 23. Bxg3 Bxb4 24. Rf1 Rf8 25. Kg2 Rad8 26.
Rb1 Bxc3 27. Nxc3 b6 28. Rbd1 Ne7 29. Bh4 Rd7 30. Bxe7 Rxe7 31. Ne2 c5 32. Ng3 Rd8 33. f5 exf5 34. exd5 g6 35. Rd2 Kf7 36. c4 Re3 37.
Rf3 Rde8 38. Rxe3 Rxe3 39. Kf2 Rc3 40. d6 Ke8 41. Nf1 Rxc4 42. a5 Kd7 43. axb6 axb6 44.
Re2 Kxd6 45. Ne3 Rd4 46. Rb2 Kc6 47. Ra2 b5 48. Ra6+ Kb7 49. Re6 b4 50. Ke2 b3 51.
Re7+ Kc6 52. Rxh7 b2 53. Rh1 c4 54. Nc2 Kc5 55. Nxd4 Kxd4 56. Kd2 f4 57. Kc2 g5 58.
Kxb2 g4 59. Kc2 g3 60. Kd2 c3+ 61. Ke2 Ke4 62. Rh8 g2 63. Kf2 c2 64. Rc8 Kd3 65.
Kxg2 Kd2 66. Kf3 c1=Q 67. Rxc1 Kxc1 68. Kxf4 1/2-1/2

[Event "*** Titled Tuesday Blitz"]
[Site "Chess.com"]
[Date "2019.01.01"]
[Round "3"]
[White "Vuk2000"]
[Black "Indianlad"]
[Result "1/2-1/2"]
[WhiteElo "2745"]
[BlackElo "2829"]
[TimeControl "180+2"]
[EndTime "13:38:51 PST"]
[Termination "Game drawn by agreement"]

1. d4 d5 2. Bf4 Nf6 3. e3 e6 4. Nd2 c5 5. c3 Bd6 6. Bg3 O-O 7. Bd3 Qc7 8. Ngf3 Nbd7 9. O-O e5 10. dxe5 Nxe5 11.
Nxe5 Bxe5 12. Bxe5 Qxe5 13. Be2 Rd8 14. Qb3 Qc7 15.
Rad1 Bf5 16. Nf3 h6 17. c4 dxc4 18. Bxc4 Bg4 19. Rxd8+ Rxd8 20. Rd1 Rxd1+ 21. Qxd1 Bxf3 22. Qxf3 a6 23. h3 Qd7 24. Bb3 Qc7 25. g3 c4 26.
Bc2 Qd7 27. Kg2 Qe7 28. Qf4 b5 29. Qb8+ Qe8 30. Qxe8+ Nxe8 31. Kf3 Kf8 32. Ke4 Ke7 33. Kd5 Kd7 34. Kc5 Kc7 35. a4 Nd6 36. axb5 axb5 37. e4 f6 38. f4 Kd7 39. e5 fxe5 40. fxe5 Nf7 41. Kxb5 Nxe5 42. Kc5 Ke6 43. Kd4 h5 44. Be4 Kd6 45. Bd5 g5 46. Bxc4 h4 47. gxh4 gxh4 48. Be2 Nc6+ 49. Ke4 Kc5 50. Kf4 Nd4 51. Bd1 Kd5 52. Kg5 Ke5 53. Kxh4 Kf4 54. b4 Nf5+ 55. Kh5 Kg3 56. Bg4 Nd6 57. Kg5 Nb5 58. h4 Nd6 59. h5 Ne4+ 60. Kf5 Nd6+ 61. Ke6 Ne4 62. Bd1 Kf4 63. b5 Kg5 64. b6 Nc5+ 65. Kf7 Kh6 66.
Ke7 Nb7 67. Kd7 Na5 68. Kc7 Kg7 69. Kd6 Nc4+ 70. Kc5 Nxb6 71. Kxb6 Kh7 1/2-1/2

[Event "*** Titled Tuesday Blitz"]
[Site "Chess.com"]
[Date "2019.01.01"]
[Round "3"]
[White "Sunrise777"]
[Black "PrinceCharming92"]
[Result "1-0"]
[WhiteElo "2669"]
[BlackElo "2425"]
[TimeControl "180+2"]
[EndTime "13:39:05 PST"]
[Termination "Sunrise777 won by resignation"]

1. d4 d5 2. c4 c6 3. Nf3 Nf6 4. Nc3 dxc4 5. a4 Bf5 6. e3 e6 7. Bxc4 Bb4 8. O-O O-O 9. Qb3 Qe7 10. a5 Nbd7 11. Ra4 c5 12. Na2 b6 13. Nxb4 cxb4 14.
Qxb4 Qxb4 15. Rxb4 bxa5 16. Rb5 Nb6 17. Be2 a4 18.
Bd2 Rfc8 19. Rc1 Rxc1+ 20. Bxc1 Rc8 21. Rc5 Bc2 22. Ba6 Rxc5 23. dxc5 Nbd5 24. Nd4 Bd1 25. f3 Kf8 26. Bd2 Nc7 27. Bd3 Ke7 28. Nc6+ Kd7 29. Ne5+ Ke7 30. e4 Nd7 31. Nc6+ Ke8 32. Be3 a6 33.
Nb4 Nb8 34. Kf2 Kd7 35. Bf4 Bb3 36. Ke3 f6 37. Bd6 e5 38. Bf8 g6 39. Bd6 a5 40.
Bxc7 Kxc7 41. Nd5+ Kc6 42. Nxf6 Kxc5 43. Nxh7 Nc6 44. h4 Ne7 45. g4 Kb4 46. Nf8 a3 47. bxa3+ Kxa3 48. Kd2 Kb2 49. h5 gxh5 50. gxh5 a4 51.
h6 Bg8 52. Bc4 a3 53. Bxg8 Nxg8 54. h7 a2 55. hxg8=Q a1=Q 56. Qc4 Qa5+ 57. Ke2 Qb6 58. Ne6 Qg1 59. Qb5+ Ka2 60. Qa5+ Kb2 61. Qxe5+ Ka2 62. Qd5+ Kb2 63. Qd4+ Qxd4 64. Nxd4 Kc3 65. Ke3 Kc4 66.
f4 1-0

[Event "*** Titled Tuesday Blitz"]
[Site "Chess.com"]
[Date "2019.01.01"]
[Round "3"]
[White "platy3"]
[Black "VitaliyBernadskiy"]
[Result "1/2-1/2"]
[WhiteElo "2818"]
[BlackElo "2747"]
[TimeControl "180+2"]
[EndTime "13:39:07 PST"]
[Termination "Game drawn by repetition"]

1. e4 c6 2. d4 d5 3. e5 Bf5 4. Nf3 e6 5. Be2 Nd7 6. O-O h6 7. a4 a6 8. Nbd2 Ne7 9. Nb3 g5 10. a5 Bg7 11. Be3 O-O 12. h4 g4 13. Ne1 f6 14. exf6 Nxf6 15. Nd3 Ng6 16. g3 Ne4 17. Bxg4 Nxh4 18. Nbc5 Qf6 19. Nd7 Qe7 20. Nxf8 Rxf8 21. Ne5 Bxe5 22. dxe5 Qg7 23. Bxf5 Rxf5 24. Ra4 Nf3+ 25.
Kg2 Nh4+ 26. Kh1 Nf3 27. Kg2 Nh4+ 28. Kh1 Nf3 29. Rxe4 dxe4 30. Kg2 Nh4+ 31. Kh1 Nf3 32. Kg2 Qg4 33. Rh1 Nh4+ 34. Kh2 Nf3+ 35. Kg2 Nh4+ 36.
Kh2 Nf3+ 37. Kg2 Nh4+ 38. Kh2 Qxd1 39. Rxd1 Nf3+ 40. Kg2 Rxe5 41. Rd8+ Kf7 42. Rd7+ Kg6 43. Rxb7 Rxa5 44. Rb6 Ra1 45. Kh3 h5 46. Rxc6 Kf5 47. Rc5+ e5 48. Rc8 Rh1+ 49. Kg2 Rg1+ 50. Kh3 Ne1 51. Rf8+ Ke6 52. Kh2 Rf1 53. Rh8 Nf3+ 54. Kg2 Rg1+ 55. Kh3 Rh1+ 56. Kg2 Rg1+ 57. Kh3 Rh1+ 58.
Kg2 Rg1+ 59. Kh3 Rh1+ 60. Kg2 Rg1+ 61. Kh3 1/2-1/2

[Event "*** Titled Tuesday Blitz"]
[Site "Chess.com"]
[Date "2019.01.01"]
[Round "3"]
[White "olksuna"]
[Black "GulamaliRises"]
[Result "1/2-1/2"]
[WhiteElo "2480"]
[BlackElo "2643"]
[TimeControl "180+2"]
[EndTime "13:39:07 PST"]
[Termination "Game drawn - insufficient material"]

1. c4 e5 2. g3 Nf6 3. Bg2 d5 4. cxd5 Nxd5 5. Nc3 Nb6 6. d3 Be7 7. Nf3 Nc6 8. O-O O-O 9. Be3 Re8 10. a3 Bf8 11. Rc1 Nd4 12. Ne4 a5 13. Re1 a4 14.
Nc5 Ra5 15. Ne4 Nb3 16. Rc2 Nd5 17. Bd2 Ra7 18. Nc3 Nb6 19. Nb5 c6 20. Nxa7 Bd7 21.
Be3 Nd5 22. Nd2 Nxe3 23. fxe3 Qb6 24. Nxc6 Qxe3+ 25. Kh1 bxc6 26. Nxb3 axb3 27. Rc4 Qb6 28. Qc1 c5 29. Bd5 Qd6 30. e4 Be6 31. Bxe6 Rxe6 32.
Qe3 Qd8 33. Rc3 Rb6 34. Kg2 h6 35. Rec1 Rb5 36. Rc4 g6 37. R1c3 h5 38. a4 Rb8 39.
h4 Qd7 40. a5 Qb5 41. Rxc5 Bxc5 42. Qxc5 Kg7 43. Kf3 Kh7 44. Qc7 Kg7 45. Qc5 f6 46. Ke3 Kh6 47. Qxb5 Rxb5 48. a6 Ra5 49. Rc6 Ra2 50.
Rxf6 Rxb2 51. Rb6 Ra2 52. Rxb3 Rxa6 53. Rb5 Re6 54. d4 exd4+ 55. Kxd4 Rd6+ 56. Rd5 Ra6 57. Ke5 Ra3 58. Kf4 Kg7 59. e5 Ra4+ 60. Kf3 Ra3+ 61. Ke4 Rxg3 62. Rd7+ Kf8 63. e6 Rg4+ 64. Ke5 Rxh4 65.
Ra7 Rh1 66. Kf6 Rf1+ 67. Kxg6 h4 68. Rh7 Rf4 69. Kg5 Rf1 70. Rxh4 Ke7 71. Re4 Rf6 72.
Re5 Rxe6 73. Rxe6+ Kxe6 1/2-1/2

[Event "*** Titled Tuesday Blitz"]
[Site "Chess.com"]
[Date "2019.01.01"]
[Round "3"]
[White "Didici"]
[Black "enriquetejedor"]
[Result "1-0"]
[WhiteElo "2613"]
[BlackElo "2547"]
[TimeControl "180+2"]
[EndTime "13:39:15 PST"]
[Termination "Didici won by checkmate"]

1. d4 d5 2. c4 dxc4 3. e4 c5 4. d5 e6 5. Bxc4 Nf6 6. Nc3 exd5 7.
Nxd5 Nxd5 8. Bxd5 Be7 9. Ne2 O-O 10. O-O Nd7 11. Nc3 Nf6 12. Bf4 a6 13. Qb3 Nxd5 14.
Nxd5 Bd6 15. e5 Bb8 16. Rad1 Be6 17. Qxb7 Ra7 18. Qc6 Rd7 19. Nc3 Rd4 20. Be3 Bxe5 21. Qxc5 Rxd1 22. Rxd1 Qb8 23. g3 Rc8 24. Qa5 Bxc3 25.
bxc3 Bh3 26. Qxa6 h6 27. Bd4 Qc7 28. f3 Qe7 29. Kf2 Re8 30. Qd3 Qe6 31. Qd2 Qc4 32.
a3 Bc8 33. Re1 Rd8 34. Re5 Bb7 35. g4 Qc6 36. Qe3 Ba6 37. Kg3 Bc4 38. Rh5 Be6 39.
Rc5 Qd6+ 40. Kg2 Qa6 41. Rh5 Qxa3 42. Bxg7 Qb2+ 43. Kg3 Rd2 44. Bd4 Rg2+ 45. Kf4 Qb8+ 46. Qe5 Qxe5+ 47. Bxe5 Kh7 48. h4 Kg6 49. Bd4 f5 50.
gxf5+ Kxh5 51. fxe6 Kg6 52. Ke5 Kg7 53. Kd6+ Kf8 54.
Kd7 Re2 55. Bc5+ Kg7 56. e7 Kf7 57. Bd6 h5 58. c4 Re3 59. c5 Re2 60. c6 Re3 61. c7 Rxf3 62. e8=Q+ Kg7 63. c8=Q Rf7+ 64. Qxf7+ Kh6 65. Qcf8# 1-0

[Event "*** Titled Tuesday Blitz"]
[Site "Chess.com"]
[Date "2019.01.01"]
[Round "3"]
[White "MateusViageiro"]
[Black "MFguimaraes"]
[Result "0-1"]
[WhiteElo "2221"]
[BlackElo "2324"]
[TimeControl "180+2"]
[EndTime "13:39:17 PST"]
[Termination "MFguimaraes won by resignation"]

1. e4 e5 2. Nf3 Nc6 3. Bb5 Nf6 4.
O-O Bc5 5. c3 O-O 6. d4 Bb6 7.
d5 Ne7 8. Qe2 Ng6 9. Rd1 d6 10.
h3 Qe7 11. Bd3 Nh5 12. Bg5 Nhf4 13. Bxe7 Nxe2+ 14. Bxe2 Nxe7 15. c4 f5 16. exf5 Bxf5 17. Nc3 Ng6 18. Bf1 Bxh3 19. Na4 Bg4 20. Nxb6 axb6 21.
Bd3 Bxf3 22. gxf3 Rxf3 23. Bxg6 hxg6 24. Rd2 Ra4 25. Rc2 Kf7 26. Kg2 Rd3 27. a3 g5 28. Rh1 Kg6 29. Rh8 Rd4 30. Rb8 Raxc4 31. Rxc4 Rxc4 32. Rxb7 g4 33. b3 Rc3 34. a4 Kf5 35. b4 Kf4 36. a5 bxa5 37. bxa5 Rc5 38. a6 Rxd5 39. Rxc7 Ra5 40. a7 g6 41. Rg7 d5 42.
Rd7 d4 43. Kf1 Ra2 44. Kg2 g3 45. Rf7+ Kg4 46. a8=Q Rxa8 47. f3+ Kg5 48. Kxg3 Ra3 49. Kf2 Ra2+ 50. Kg3 d3 51. Rd7 d2 52. Rd5 Kf5 53. f4 Ra3+ 54. Kg2 Kxf4 55. Rxd2 g5 56.
Rf2+ Kg4 57. Re2 Kf5 58. Rf2+ Ke4 59. Rf8 Ra2+ 60. Kg3 Ra1 61. Kg2 g4 62. Rg8 Kf4 63.
Rf8+ Ke3 64. Rg8 Ra4 65. Kg3 Rf4 66. Re8 e4 67. Ra8 Rf1 68. Kxg4 Rg1+ 69. Kf5 Kf3 70. Re8 e3 71. Re4 Rg5+ 0-1

[Event "*** Titled Tuesday Blitz"]
[Site "Chess.com"]
[Date "2019.01.01"]
[Round "3"]
[White "Torrentec"]
[Black "RandomOracle"]
[Result "0-1"]
[WhiteElo "2328"]
[BlackElo "2187"]
[TimeControl "180+2"]
[EndTime "13:39:20 PST"]
[Termination "RandomOracle won by resignation"]

1. e4 c6 2. d4 d5 3. Nc3 dxe4 4. Nxe4 Nf6 5. Nxf6+ exf6 6. Bc4 Bd6 7. Nf3 O-O 8. Be3 Be6 9. Bxe6 fxe6 10. O-O Nd7 11. c4 e5 12. d5 c5 13. Nd2 f5 14. f3 a6 15. a4 Qh4 16. Bf2 Qh5 17. g3 Rae8 18.
Re1 Qg6 19. Qc2 h5 20. a5 h4 21. Ra3 hxg3 22. hxg3 Nf6 23. Kg2 Re7 24. Rb3 Rfe8 25. Rb6 Nh5 26. Rxd6 Qxd6 27. Qxf5 g6 28. Qg5 Qf6 29. Qxf6 Nxf6 30. Bxc5 Rd7 31. b4 Kf7 32. g4 Rdd8 33. Bb6 Rd7 34. g5 Nh5 35. Ne4 Nf4+ 36. Kf2 Nd3+ 37. Ke2 Nxe1 38. Kxe1 Rc8 39. Nf6 Rd6 40.
c5 Rxf6 41. gxf6 Kxf6 42. Ke2 Kf5 43. Ke3 g5 44. d6 Ke6 45. Ke4 Rf8 46. Bc7 Rf4+ 47.
Ke3 Kd7 48. Bb6 Rxb4 49. Kf2 Ke6 50. Bd8 Rc4 51. Bxg5 Rxc5 52. Be7 Rxa5 53. Ke3 Rd5 0-1

[Event "*** Titled Tuesday Blitz"]
[Site "Chess.com"]
[Date "2019.01.01"]
[Round "3"]
[White "Chessmatus"]
[Black "Siemba"]
[Result "1/2-1/2"]
[WhiteElo "2181"]
[BlackElo "2096"]
[TimeControl "180+2"]
[EndTime "13:39:21 PST"]
[Termination "Game drawn - insufficient material"]

1. d4 Nf6 2. c4 g6 3. Nc3 Bg7 4. e4 d6 5. Be2 O-O 6. Be3 c5 7. d5 e6 8. Nf3 exd5 9. cxd5 b5 10. Bxb5 Nxe4 11. Nxe4 Qa5+ 12. Nc3 Bxc3+ 13. bxc3 Qxb5 14.
Qe2 Ba6 15. Qxb5 Bxb5 16. a4 Bc4 17. Rd1 Bb3 18. Rd3 Bxa4 19. c4 Re8 20. Kd2 Bd7 21.
Bf4 Bf5 22. Re3 Rd8 23. Rhe1 Na6 24. Re7 Nb4 25. Ng5 Nd3 26. Nxf7 Nxe1 27. Nh6+ Kf8 28.
Rf7+ Ke8 29. Kxe1 Rd7 30. Rf6 Rad8 31. Kd2 a5 32. g4 Be4 33. Re6+ Re7 34. Rxe7+ Kxe7 35.
Bg5+ Kd7 36. Bxd8 Kxd8 37. Nf7+ Ke7 38. Ng5 Bg2 39. Nxh7 a4 40. Kc3 Bf1 41. h4 a3 42.
Kb3 Bxc4+ 43. Kxa3 Bxd5 44. h5 gxh5 45. gxh5 Be4 46.
Ng5 Bf5 47. Kb3 Kf6 48. Nf3 Bg4 49. Nd2 Bxh5 50. Kc4 Ke5 51. f4+ Ke6 52. f5+ Kd7 53. Ne4 Bf7+ 54. Kd3 Ke7 55. Ke3 Bd5 56. Nc3 Bc6 57.
Kf4 Kf6 58. Ne2 d5 59. Ng3 d4 60. Nh5+ Kf7 61. Ng3 c4 62. Ne2 d3 63. Nc3 Kf6 64. Ke3 Ke5 65. f6 Be8 66. Nd1 Bf7 67. Nf2 Kxf6 68.
Nxd3 Ke6 69. Ne1 Ke5 70. Nc2 Bg6 71. Na3 c3 72. Ke2 Kd4 73. Kd1 Kd3 74. Kc1 Be8 75. Nc2 Ba4 76. Nb4+ Kc4 77. Na2 c2 78. Nc3 Kd3 79.
Nxa4 Kc4 80. Kxc2 1/2-1/2

[Event "*** Titled Tuesday Blitz"]
[Site "Chess.com"]
[Date "2019.01.01"]
[Round "3"]
[White "tteshan"]
[Black "akhairat"]
[Result "0-1"]
[WhiteElo "2125"]
[BlackElo "2270"]
[TimeControl "180+2"]
[EndTime "13:39:33 PST"]
[Termination "akhairat won by resignation"]

1. d4 g6 2. c4 Bg7 3. Nc3 d6 4. e4 e5 5. d5 a5 6. Be2 Na6 7. Be3 Ne7 8. Nf3 h6 9. Qd2 b6 10. a3 Nc5 11. Bd1 f5 12. exf5 gxf5 13. O-O f4 14. Bxc5 bxc5 15. Nh4 O-O 16. Ne4 Nf5 17. Ng6 Rf7 18. Bh5 Nd4 19. Qd3 Bf5 20. Rae1 Rb8 21.
Qc3 a4 22. b4 axb3 23. g4 Bxe4 24. Rxe4 b2 25. Rb1 Rb3 26. Qa5 Nf3+ 27. Kg2 Nd4 28. Qa4 Qd7 29. Qxd7 Rxd7 30. Nh4 Rd8 31. Nf5 Ra8 32. Nxd4 cxd4 33. Re2 Rab8 34. a4 d3 35. Rd2 e4 36. Bg6 e3 37. fxe3 fxe3 38. Rxd3 Rxd3 39. Bxd3 Rb4 40. a5 Ra4 41. Kf3 Rxa5 42. Kxe3 Ra3 43.
Kd2 Be5 44. h4 Kg7 45. Kc2 Ra8 46. g5 Rf8 47. g6 Rf2+ 48. Kb3 Rh2 49. Rf1 Bf6 50.
Rf4 Rh1 51. Ka2 Ra1+ 52. Kb3 b1=Q+ 53. Bxb1 Rxb1+ 54. Kc2 Rb2+ 55. Kd3 Rb3+ 56. Ke4 Rc3 57. Kf5 Re3 58. h5 Re5+ 59. Kg4 Rg5+ 60. Kh4 Rxd5+ 61. Kg4 Rg5+ 62. Kh4 Rxg6+ 63. Kh3 Rg5 64. Re4 Rxh5+ 65. Kg3 Re5 66. Rf4 Bg5 67. Rf1 Re3+ 68. Kg4 Rc3 69. Ra1 Rxc4+ 70. Kf5 Kf7 71. Rf1 Rf4+ 72. Rxf4 Bxf4 73.
Kxf4 c5 0-1

[Event "*** Titled Tuesday Blitz"]
[Site "Chess.com"]
[Date "2019.01.01"]
[Round "3"]
[White "gemarin"]
[Black "aquaticpineapples"]
[Result "0-1"]
[WhiteElo "2064"]
[BlackElo "2096"]
[TimeControl "180+2"]
[EndTime "13:39:33 PST"]
[Termination "aquaticpineapples won by resignation"]

1. d4 d5 2. c4 c6 3. e3 e6 4. Nc3 Bd6 5. Nf3 Nf6 6. Be2 Nbd7 7.
O-O O-O 8. Qc2 Qe7 9. Rd1 dxc4 10. e4 e5 11. Bxc4 b5 12. Bd3 Bb7 13. d5 cxd5 14.
Nxb5 dxe4 15. Nxd6 Qxd6 16. Bxe4 Bxe4 17. Rxd6 Bxc2 18.
Be3 Be4 19. Nd2 Bg6 20. Rd1 Nb6 21. a3 Rfd8 22. Nf3 Rxd6 23. Rxd6 Nc4 24. Ra6 Nxe3 25.
fxe3 Bd3 26. Ra5 e4 27. Nd4 Ng4 28. Nf5 g6 29. Ne7+ Kg7 30. Nd5 Rd8 31. h3 Ne5 32. Nc3 Nc4 33. Rxa7 Nxe3 34. Re7 Nc4 35. Nxe4 Bxe4 36.
Rxe4 Nxb2 37. Rb4 Rd1+ 38. Kh2 Nd3 39. Rd4 Nb2 40. Rb4 Nd3 41. Rd4 Kf6 42. a4 Ke5 43. Rd8 Nb2 44. Re8+ Kf6 45. a5 Ra1 46. Rb8 Nc4 47.
Rc8 Nxa5 48. Ra8 Nb3 49. Rc8 h5 50. Rc3 Nd4 51. Rc4 Nf5 52. h4 Rd1 53. Ra4 Rd4 54.
Ra6+ Kg7 55. g3 Rd3 56. Ra5 Nxg3 57. Rb5 Nf5 58. Rc5 Nxh4 59. Rc6 Nf5 60. Rc5 h4 61. Rb5 f6 62. Rb7+ Kh6 63. Rc7 g5 64. Rd7 g4 65.
Rxd3 Kg5 66. Rb3 Nd4 67. Ra3 Nf3+ 68. Kg2 f5 69. Ra8 Ne5 70. Rg8+ Ng6 71. Ra8 h3+ 72. Kh2 Kh4 73. Rg8 g3+ 74. Kh1 Nf4 75. Rh8+ Kg4 76.
Rf8 Ne2 77. Rg8+ Kf3 78. Rg5 g2+ 79. Kh2 g1=Q+ 80. Rxg1 Nxg1 81. Kxg1 Kg3 82. Kh1 Kf2 83. Kh2 f4 84. Kxh3 f3 85. Kh2 Ke2 86. Kg3 f2 0-1

[Event "*** Titled Tuesday Blitz"]
[Site "Chess.com"]
[Date "2019.01.01"]
[Round "3"]
[White "tarantul1"]
[Black "DmitryMaximov"]
[Result "1-0"]
[WhiteElo "2383"]
[BlackElo "2558"]
[TimeControl "180+2"]
[EndTime "13:39:34 PST"]
[Termination "tarantul1 won by resignation"]

1. e4 c5 2. Nf3 d6 3. d4 cxd4 4.
Nxd4 Nf6 5. Nc3 Nc6 6. g3 e5 7.
Nde2 Be7 8. Bg2 O-O 9. O-O Rb8 10. a4 a6 11. h3 b5 12. axb5 axb5 13. Be3 Na5 14. b3 Be6 15. Qd2 b4 16. Nd5 Nxd5 17. exd5 Bf5 18. Ra4 Qc7 19. Rfa1 Nb7 20. Rxb4 Nc5 21.
Rc4 Qd7 22. b4 Nb7 23. Ra7 Bg6 24. Qc3 Bd8 25. Rc6 f5 26. f4 Re8 27. fxe5 Rxe5 28.
Nd4 Bf6 29. Bf4 Qe8 30. Bxe5 Qxe5 31. Rc8+ Rxc8 32. Qxc8+ Nd8 33. Nc6 Qxg3 34. Rd7 Qe1+ 35. Kh2 Be5+ 36. Nxe5 Qxe5+ 37. Kg1 Qe1+ 38. Kh2 Qe5+ 39.
Kh1 Qe1+ 40. Kh2 Qe5+ 41. Kg1 Qe1+ 42. Bf1 Qe3+ 43. Kh1 Qe4+ 44. Kh2 Qf4+ 45. Kg1 Qe3+ 46. Kg2 Qe4+ 47. Kf2 Qf4+ 48. Ke2 Bh5+ 49. Kd3 Qxf1+ 50.
Kc3 Qa1+ 51. Kb3 Qb1+ 52. Kc3 Qa1+ 53. Kb3 Qb1+ 54. Kc3 Qa1+ 55. Kd3 Qd1+ 56. Kc3 Qa1+ 57. Kb3 Qb1+ 58. Ka4 Qa2+ 59. Kb5 Be8 60. Qxd8 Qxd5+ 61. Kb6 Qd4+ 62. Kc7 Qa7+ 63. Kc6 Qa6+ 64. Kc7 Qa7+ 65.
Kxd6 Qd4+ 66. Kc7 Qa7+ 67. Kc6 Qxd7+ 68. Qxd7 Bxd7+ 69. Kxd7 f4 70. b5 f3 71. b6 f2 72. b7 f1=Q 73. b8=Q+ Kf7 74. Qe8+ Kf6 75. Qf8+ 1-0

[Event "*** Titled Tuesday Blitz"]
[Site "Chess.com"]
[Date "2019.01.01"]
[Round "3"]
[White "GMKrikor"]
[Black "xxysoul6"]
[Result "0-1"]
[WhiteElo "2727"]
[BlackElo "2907"]
[TimeControl "180+2"]
[EndTime "13:39:36 PST"]
[Termination "xxysoul6 won by resignation"]

1. e4 c5 2. Nf3 d6 3. d4 cxd4 4. Nxd4 Nf6 5. Nc3 Nc6 6. Bg5 e6 7. Qd2 a6 8. O-O-O Be7 9. f3 Nxd4 10. Qxd4 b5 11. Kb1 Bb7 12. Bxf6 gxf6 13. Bd3 Qc7 14.
Rhe1 Qc5 15. Ne2 Rc8 16. c3 Qxd4 17. Nxd4 Bd8 18. Bc2 Ke7 19. a4 bxa4 20. Bxa4 Rc5 21. Rd2 Rg8 22. Red1 Bc7 23. Kc2 h5 24. b4 Rcg5 25.
g3 h4 26. g4 h3 27. Bc6 Bxc6 28. Nxc6+ Kd7 29. Nd4 a5 30. b5 Rc5 31. Kb3 Ra8 32. Ra2 e5 33. Nf5 Rxb5+ 34. Kc2 Ra6 35. Ne3 Bd8 36.
Ra4 Rab6 37. Nc4 Rc6 38. Rda1 Rcc5 39. Ne3 Rb7 40. Nd5 Rcb5 41. R1a2 Rb1 42. Kd3 R7b2 43. Ne3 Kc6 44. Nc4 Rd1+ 45. Ke3 Rxa2 46. Rxa2 d5 47.
Nxa5+ Kb5 48. Nb3 Bb6+ 49. Ke2 Rh1 50. Kd3 dxe4+ 51. Kxe4 Kc4 52. Nd2+ Kxc3 53. Kf5 Kd3 54. Ne4 Bd4 55. Nxf6 Ke3 56. g5 Kxf3 57. Ng4 Rf1 58.
Nxe5+ Ke3+ 59. Kg4 Bxe5 60. Ra3+ Ke4 61. Rxh3 Rg1+ 62.
Kh5 Bf4 63. Rb3 Rxg5+ 64. Kh4 Rg2 65. h3 Kf5 66. Kh5 Rg5+ 67. Kh4 Rg8 0-1

[Event "*** Titled Tuesday Blitz"]
[Site "Chess.com"]
[Date "2019.01.01"]
[Round "3"]
[White "matiss90"]
[Black "afgano29"]
[Result "1/2-1/2"]
[WhiteElo "2441"]
[BlackElo "2642"]
[TimeControl "180+2"]
[EndTime "13:39:41 PST"]
[Termination "Game drawn by repetition"]

1. e4 c5 2. Nf3 Nc6 3. d4 cxd4 4. Nxd4 e5 5. Nb5 d6 6. N1c3 a6 7. Na3 b5 8. Nd5 Nce7 9. c4 Nxd5 10. exd5 bxc4 11. Nxc4 Nf6 12. Be3 Rb8 13. Be2 Be7 14. O-O Bb7 15. Nb6 O-O 16. a4 Nd7 17. a5 f5 18. f3 Qe8 19. b4 f4 20. Bf2 Nxb6 21. Bxb6 Qf7 22. Bc4 Rbc8 23. Rc1 Bg5 24. Qd3 Ra8 25. Rfd1 Bd8 26. Bf2 Qh5 27.
Bb3 Rf6 28. Ba4 Rh6 29. h3 Rg6 30. Kf1 Bc8 31. Be8 Bf5 32. Qc4 e4 33. fxe4 f3 34.
Bxg6 fxg2+ 35. Ke1 Qxg6 36. exf5 g1=Q+ 37. Bxg1 Qxg1+ 38. Ke2 Qg2+ 39. Kd3 Bf6 40. Qe4 Qg3+ 41. Qe3 Qg2 42. Qe6+ Kf8 43. Rc8+ Rxc8 44. Qxc8+ Kf7 45. Qe6+ Kf8 46.
Re1 Qf3+ 47. Qe3 Qxd5+ 48. Ke2 Be5 49. Kf1 Qh1+ 50. Ke2 Qg2+ 51. Kd1 Qd5+ 52. Qd2 Qb3+ 53. Ke2 Qxh3 54. Rf1 Qg2+ 55. Rf2 Qe4+ 56. Qe3 Qxb4 57. f6 Bxf6 58. Qb6 Qc4+ 59. Kf3 Qd5+ 60. Ke2 Qc4+ 61. Kf3 d5 62. Re2 Qd3+ 63. Re3 Qf5+ 64. Ke2 Qg4+ 65. Kd3 Qc4+ 66. Kd2 Qc8 67. Qd6+ Kf7 68.
Qxd5+ Kf8 69. Qd6+ Kf7 70. Qd5+ Kf8 71. Qd6+ Kf7 72.
Qd5+ Kf8 73. Qd6+ Kf7 74. Qd5+ Kf8 75. Qd6+ Kf7 76. Qd5+ 1/2-1/2

[Event "*** Titled Tuesday Blitz"]
[Site "Chess.com"]
[Date "2019.01.01"]
[Round "3"]
[White "DrRiebert"]
[Black "pultineviciuspaulius"]
[Result "1/2-1/2"]
[WhiteElo "2427"]
[BlackElo "2603"]
[TimeControl "180+2"]
[EndTime "13:39:49 PST"]
[Termination "Game drawn by agreement"]

1. e4 c6 2. d4 d5 3. f3 Qb6 4.
Nc3 g6 5. exd5 Bg7 6. Bc4 Bxd4 7. Nge2 Bf2+ 8. Kf1 Bh4 9. Qd4 Qxd4 10. Nxd4 Bf6 11. Be3 Nd7 12. dxc6 bxc6 13. Bb3 Nc5 14. Nxc6 Nxb3 15.
axb3 a6 16. Kf2 Bf5 17. Nd4 Bxd4 18. Bxd4 Nf6 19. Bxf6 exf6 20. Rhe1+ Kf8 21. Re2 Kg7 22. g4 Be6 23. Rd2 Rhc8 24. Rd6 a5 25. Rd4 Rc5 26. Rda4 Rd8 27. Ke2 Re5+ 28. Re4 Rc5 29. Rd1 Rb8 30. Rd6 h5 31. h3 Rb4 32. Kd2 f5 33. Rxb4 axb4 34. Na4 Re5 35. gxh5 gxh5 36. Rd4 f4 37. h4 Rb5 38. Rxf4 Kh6 39. Rd4 Bf5 40. Rd6+ Kh7 41.
Nb6 Rc5 42. Nc4 Be6 43. Kd3 Rf5 44. Ke3 Rc5 45. Kd4 Rc8 46. Rb6 Bf5 47. Rxb4 Bxc2 48. Rb7 Kg8 49. b4 Bb3 50. Nd6 Rc2 51. b5 Rxb2 52.
b6 Bd1 53. Rb8+ Kg7 54. b7 Bxf3 55. Rc8 Bxb7 56. Rb8 Rb4+ 57. Kc5 Rxh4 58. Rxb7 Rf4 59. Kd5 Kg6 60. Ke5 Rf1 61. Rxf7 Re1+ 62. Kf4 Rd1 63. Rd7 Rd3 64. Rd8 h4 65. Rh8 Rxd6 66. Rxh4 Rf6+ 67. Kg3 Ra6 68. Rg4+ Kf7 69. Rf4+ Kg7 70.
Rg4+ Kf8 71. Rf4+ Ke7 72. Re4+ Kf6 73. Rf4+ Ke5 74. Rf3 Rg6+ 75. Kf2 Ke4 76. Re3+ Kd4 77. Rg3 Ra6 78. Rg4+ Kd3 79. Rg3+ Kd2 80. Rb3 Rh6 81. Kg3 Kc2 82. Rf3 Rg6+ 83. Kf4 Kd2 84. Ke5 Rg8 85. Rf2+ Ke3 86. Rf7 Ra8 87. Rb7 Ra5+ 88.
Kd6 Kd4 89. Rb4+ Kc3 90. Rh4 Ra6+ 91. Kc5 Ra5+ 92. Kb6 Rf5 1/2-1/2

[Event "*** Titled Tuesday Blitz"]
[Site "Chess.com"]
[Date "2019.01.01"]
[Round "3"]
[White "fancyknightmaneuvers"]
[Black "jerom555888"]
[Result "0-1"]
[WhiteElo "2454"]
[BlackElo "2697"]
[TimeControl "180+2"]
[EndTime "13:40:05 PST"]
[Termination "jerom555888 won by resignation"]

1. e4 a6 2. d4 e6 3. Bd3 d5 4. exd5 exd5 5. Nf3 Bd6 6. O-O Ne7 7. c4 dxc4 8. Bxc4 O-O 9. Nc3 Nbc6 10. Ng5 Bf5 11. Be3 h6 12. Nf3 Qd7 13. Qd2 b5 14. Bb3 Na5 15.
Qd1 Nxb3 16. Qxb3 Ng6 17. Rfe1 Rfe8 18. Rac1 Bg4 19. Nd2 Be6 20. d5 Bf5 21. Ne2 Ne5 22. Nf4 Ng4 23. Nf1 Nxe3 24. fxe3 Be4 25. Ng3 Bxf4 26.
exf4 Bxd5 27. Qd3 c6 28. Qd4 Qg4 29. a3 h5 30. Qf2 h4 31. Nf1 h3 32. Ne3 Rxe3 33.
Rxe3 hxg2 34. Rg3 Qf5 35. Qd4 f6 36. Re1 Kf7 37. Qe3 Qd7 38. f5 Rh8 39. Qc5 Re8 40. Rxe8 Kxe8 41. Re3+ Kf7 42. Re1 Qxf5 43. Qe7+ Kg6 44.
Qe8+ Bf7 45. Qe3 Bd5 46. Qg3+ Kh7 47. Qh4+ Kg8 48. Qf2 Qd3 49. Qc5 Qd2 50. Qf2 Qd3 51. Re8+ Kf7 52. Re1 a5 53. Qa7+ Kg6 54. Qf2 a4 55.
Re3 Qd1+ 56. Re1 Qg4 57. Re3 Qd1+ 58. Re1 Qd3 59. Re3 Qb1+ 60. Re1 Qf5 61. Qg3+ Qg5 62. Qd3+ Kh6 63. Qh3+ Qh5 64. Qe3+ g5 65. Qd4 Qg6 66.
Qf2 Qf7 67. Qg3 Qa7+ 68. Qf2 Qxf2+ 69. Kxf2 Kg6 70. Re7 f5 71. Re3 f4 72. Rc3 Kf5 73. Rh3 g4 74. Rc3 f3 75. Rd3 Ke4 76. Re3+ Kd4 77.
Rc3 Bc4 78. Re3 c5 79. Re7 Kd3 80. Rg7 Kc2 81. Rxg4 Kxb2 82. Kxf3 Kxa3 83. Kxg2 Kb2 84. h4 a3 85. Kf2 a2 86. h5 a1=Q 0-1